 Dungeon Crawl Stone Soup version 0.27-a0-1149-g4505690ab0 (webtiles) character file.

Game seed: 10313135223535940566

3442 kae the Grappler (level 9, -6/68 HPs)
             Began as a Demonspawn Fighter on May 12, 2021.
             Was a Believer of Ru.
             Mangled by an orc warrior
             ... wielding a +0 halberd
              (15 damage)
             ... on level 7 of the Dungeon.
             The game lasted 00:09:00 (9746 turns).

kae the Grappler (Demonspawn Fighter)               Turns: 9746, Time: 00:09:01

Health: -6/68      AC:  9    Str: 20    XL:     9   Next: 77%
Magic:  9/9        EV:  9    Int: 10    God:    Ru [**....]
Gold:   51         SH:  4    Dex: 12    Spells: 8/8 levels left

rFire    . . .     SeeInvis .     - Unarmed
rCold    + . .     Faith    .   (no shield)
rNeg     . . .     Spirit   .   b - +0 scale mail
rPois    +         Reflect  .   (no helmet)
rElec    .         Harm     .   (no cloak)
rCorr    .         Rampage  .   (no gloves)
Will     .....                  q - +2 pair of boots {Fly}
Stlth    ..........             (no amulet)
HPRegen  0.21/turn              o - ring of protection from cold
MPRegen  0.11/turn              n - ring of poison resistance

@: flying
A: claws 1, talons 2, spiny 1, inability to use devices, condensation shield
a: Renounce Religion


You were on level 7 of the Dungeon.
You worshipped Ru.
Ru was pleased with you.
You visited 2 branches of the dungeon, and saw 9 of its levels.

You collected 411 gold pieces.
You spent 360 gold pieces at shops.

Inventory:

Hand Weapons
 a - a +1 long sword
Missiles
 u - a throwing net (quivered)
Armour
 b - a +0 scale mail (worn)
 c - a +0 kite shield
 q - a +2 pair of boots of flying (worn)
Jewellery
 l - a +6 ring of intelligence
 n - a ring of poison resistance (right claw)
 o - a ring of protection from cold (left claw)
Scrolls
 h - a scroll of vulnerability
 s - a scroll of silence
 y - a scroll of enchant weapon
Potions
 d - 2 potions of might
 e - a potion of cancellation
 i - 6 potions of curing
 j - a potion of mutation
 p - 2 potions of haste
 r - a potion of heal wounds
 v - a potion of magic
 x - a potion of lignification


   Skills:
 - Level 5.0 Fighting
 - Level 3.4 Long Blades
 - Level 2.6 Armour
 - Level 2.6 Shields
 + Level 11.6 Unarmed Combat


You had 8 spell levels left.
You didn't know any spells.
Your spell library was empty.

Dungeon Overview and Level Annotations

Branches:
Dungeon (8/15)             Temple (1/1) D:5
   Lair: D:8-11

Altars:
Ashenzari
Cheibriados
Dithmenos
Elyvilon
Fedhas
Gozag
Hepliaklqana
Kikubaaqudgha
Makhleb
Nemelex Xobeh
Qazlal
Ru
Sif Muna
Trog
Uskayaw
Vehumet
Wu Jian
Xom
Zin
The Shining One

Shops:
D:7 !


Innate Abilities, Weirdness & Mutations

You have sharp fingernails.
You have razor-sharp toenails.
You are partially covered in sharp spines.
You cannot study or use magical devices.
A meltable shield of frost defends you. (SH +4)


Message History

The orc warrior is no longer blind.
The orc warrior hits you from afar with a +0 halberd!
The orc wizard points at you and mumbles some strange words.
The magic dart hits you but does no damage.
The orc warrior hits you from afar with a +0 halberd!
* * * LOW HITPOINT WARNING * * *
You scratch the orc wizard but do no damage.
The orc wizard is moderately wounded.
The orc warrior barely misses you.
You feel less confused.
Okay, then.
You feel much better.
You barely miss the orc warrior.
The orc warrior is lightly wounded.
The orc wizard closely misses you.
The orc warrior hits you with a +0 halberd!
You claw the orc warrior!
The orc warrior is moderately wounded.
The orc wizard is stunned by your conviction and fails to attack.
The orc warrior hits you with a +0 halberd!
You barely miss the orc wizard.
The orc wizard is moderately wounded.
The orc wizard hits you but does no damage.
You barely miss the orc wizard.
The orc wizard is moderately wounded.
The orc warrior hits you with a +0 halberd.
The orc wizard points at itself and mumbles some strange words.
The orc wizard flickers and vanishes!
Deactivating autopickup; reactivate with Ctrl-A.
You miss something.
The orc warrior is struck by your spines.
The orc warrior hits you with a +0 halberd!
* * * LOW HITPOINT WARNING * * *
You mangle something!!
Reactivating autopickup.
You feel a bit more experienced.
The orc warrior hits you with a +0 halberd!
* * * LOW HITPOINT WARNING * * *
The orc warrior hits you from afar with a +0 halberd!
You die...

.).............# ##############.#
........# #.# ### ###
#######.######.###.#######.#
#.......#.#...........#
#..####.#.#.#..######.#
######..####†#.#.#..#..# #.#
.............>.#.#...).# #.#
..####..###....)@#.##.####.######
........###...##.#.##............
................o#.#######.######
........#..................#
#.#######.#.#...##.######### #)#
#####.#.#......# ####
#.###.....#.#...#### #<..
#..##.###.#.#.#.## ####
.........####[#..# #...


You could see an orc warrior.

Vanquished Creatures
  A wyvern (D:8)
  6 yaks (D:7)
  A golden eye (D:6)
  4 water moccasins
  An orc warrior (D:7)
  A black bear (D:2)
  An ogre (D:4)
  A kobold brigand (D:5)
  A bullfrog (D:6)
  A wyvern zombie (D:7)
  A scorpion (D:6)
  A water moccasin zombie (D:5)
  5 killer bees (D:8)
  5 wights (D:8)
  An electric eel (D:7)
  A bullfrog zombie (D:6)
  A centaur zombie (D:6)
  A howler monkey (D:5)
  3 hounds
  2 orc priests
  Ijyb (D:3)
  6 orc wizards
  Terence (D:3)
  A killer bee zombie (D:7)
  A hound zombie (D:5)
  Robin (D:3)
  7 adders
  9 gnolls
  A shadow imp (D:4)
  2 ufetubi
  An adder skeleton (D:4)
  3 worms
  3 dart slugs
  22 orcs
  5 bats
  12 endoplasms
  4 giant cockroaches
  10 hobgoblins
  8 jackals
  4 quokkas
  4 ball pythons
  4 frilled lizards
  12 goblins
  10 kobolds
  5 rats
176 creatures vanquished.

Notes
Turn   | Place    | Note
-------+----------+-------------------------------------------
     0 | D:1      | kae the Demonspawn Fighter began the quest for the Orb.
     0 | D:1      | Reached XP level 1. HP: 18/18 MP: 1/1
   302 | D:1      | Gained mutation: You have sharp toenails. [demonic
                  | ancestry]
   302 | D:1      | Reached XP level 2. HP: 19/24 MP: 2/2
  1008 | D:1      | Gained mutation: You are partially covered in sharp spines.
                  | [demonic ancestry]
  1008 | D:1      | Reached XP level 3. HP: 24/29 MP: 3/3
  1232 | D:1      | Found a faded altar of an unknown god.
  1629 | D:1      | Gained mutation: You have sharp fingernails. [demonic
                  | ancestry]
  1629 | D:1      | Reached XP level 4. HP: 22/37 MP: 4/4
  1860 | D:2      | Reached skill level 1 in Unarmed Combat
  1892 | D:2      | Noticed a black bear
  1902 | D:2      | Killed a black bear
  1903 | D:2      | Reached skill level 2 in Unarmed Combat
  1903 | D:2      | Reached XP level 5. HP: 9/43 MP: 5/5
  2591 | D:3      | Noticed Terence
  2599 | D:3      | Found a blossoming altar of Fedhas.
  2891 | D:3      | Killed Terence
  2920 | D:3      | Noticed Ijyb
  2971 | D:3      | Killed Ijyb
  2972 | D:3      | Gained mutation: You have razor-sharp toenails. [demonic
                  | ancestry]
  2972 | D:3      | Reached XP level 6. HP: 43/50 MP: 6/6
  3062 | D:3      | Noticed Robin
  3069 | D:3      | Reached skill level 5 in Fighting
  3093 | D:3      | Killed Robin
  3094 | D:3      | Reached skill level 3 in Unarmed Combat
  3763 | D:4      | Reached skill level 4 in Unarmed Combat
  3992 | D:4      | Found a broken altar of Ashenzari.
  4045 | D:4      | Reached XP level 7. HP: 17/56 MP: 7/7
  4807 | D:5      | Entered Level 5 of the Dungeon
  4839 | D:5      | Reached skill level 5 in Unarmed Combat
  5323 | D:5      | Found a stormy altar of Qazlal.
  5472 | D:5      | Found a burning altar of Makhleb.
  5541 | D:5      | Reached skill level 6 in Unarmed Combat
  5621 | D:5      | Found a staircase to the Ecumenical Temple.
  5788 | Temple   | Entered the Ecumenical Temple
  5998 | Temple   | Became a worshipper of Ru the Awakened
  6439 | D:6      | Reached skill level 7 in Unarmed Combat
  6439 | D:6      | Gained mutation: A meltable shield of frost defends you.
                  | (SH +4) [demonic ancestry]
  6439 | D:6      | Reached XP level 8. HP: 32/62 MP: 8/8
  6758 | D:6      | Noticed a rime drake
  6758 | D:6      | an ogre changed into a rime drake
  6771 | D:6      | a rime drake changed into a golden eye
  7463 | D:7      | Reached skill level 8 in Unarmed Combat
  7666 | D:7      | Found Zoytausy's Distillery.
  7669 | D:7      | Bought a potion of heal wounds for 60 gold pieces
  7669 | D:7      | Bought a potion of curing for 36 gold pieces
  7669 | D:7      | Bought a potion of lignification for 36 gold pieces
  7669 | D:7      | Bought a potion of might for 48 gold pieces
  7669 | D:7      | Bought a potion of heal wounds for 60 gold pieces
  7669 | D:7      | Bought a potion of curing for 36 gold pieces
  7669 | D:7      | Bought a potion of curing for 36 gold pieces
  7669 | D:7      | Bought a potion of might for 48 gold pieces
  7704 | D:7      | Found a hide-covered altar of Uskayaw.
  7789 | D:7      | Identified the +4 falchion of the Magic Mushroom {freeze,
                  | rF+ Str-2 Int+4}
  7941 | D:7      | Gained mutation: You cannot study or use magical devices.
                  | [Ru sacrifice]
  7941 | D:7      | Reached * piety under Ru
  7941 | D:7      | Reached ** piety under Ru
  8017 | D:7      | Reached skill level 9 in Unarmed Combat
  8365 | D:8      | Reached XP level 9. HP: 67/68 MP: 9/9
  8567 | D:8      | Reached skill level 10 in Unarmed Combat
  9254 | D:7      | Reached skill level 11 in Unarmed Combat
  9746 | D:7      | Mangled by an orc warrior

Illustrated notes

Levels and vault maps discovered:
D:1:      scummos_arrival_simple_fountains, layout_basic,
          chequers_ecumenical_altar_grove, minmay_misc_feat_doors,
          minmay_misc_feat_rugged, grunt_decor_one_mirror
D:2:      layout_rooms, grunt_ministairs_9, minmay_circled_x
D:3:      layout_rooms, amcnicky_altar_gilded, st_stairs_9, minmay_puff,
          uniq_ijyb, uniq_terence, uniq_robin
D:4:      layout_loops_ring, evilmike_ruin_ashenzari,
          eino_small_chamber_without_monster
D:5:      layout_gridville, grunt_qazlal_clouds, lightli_temple_of_fire,
          minmay_temple_entry_glassed_door
D:6:      layout_basic
D:7:      layout_basic, nicolae_uskayaw_dance_hall, serial_shops,
          nicolae_shop_behind_doors, kennysheep_small_spiral,
          chequers_serial_rivers_micro_e
D:8:      layout_basic
Temple:   regret_index_temple_generic_petals

Skill      XL: |  1  2  3  4  5  6  7  8  9 |
---------------+----------------------------+-----
Long Blades    | 2 3 |  3.4
Fighting       | 4 5 |  5.0
Unarmed Combat | 2 4 7 9 11 | 11.6
Armour         | |  2.6
Shields        | |  2.6

Action                   |  1- 3 |  4- 6 |  7- 9 || total
-------------------------+-------+-------+-------++-------
Melee: Long sword        |    92 |   150 |   193 ||   435
       Unarmed           |       |     8 |   112 ||   120
       Punch             |       |       |     3 ||     3
Invok: Sacrifice Artific |       |       |     1 ||     1
Evoke: Wand              |       |       |     6 ||     6
  Use: Scroll            |       |     5 |     8 ||    13
       Potion            |       |     2 |     3 ||     5
Armor: Scale mail        |    46 |    66 |   105 ||   217
       Skin              |       |     1 |       ||     1
Dodge: Dodged            |    32 |    36 |    89 ||   157
Block: Kite shield       |    43 |    71 |   122 ||   236
       Other             |       |       |    13 ||    13
       Rpst.: Long sword |    12 |     7 |    16 ||    35

Table legend: (Time is in decaauts)
 A = Elapsed time spent in this place.
 B = Non-inter-level travel time spent in this place.
 C = Inter-level travel time spent in this place.
 D = Time resting spent in this place.
 E = Time spent auto-exploring this place.
 F = Levels seen in this place.
 G = Mean time per level.
                   A        B        C        D        E       F      G
               +--------+--------+--------+--------+--------+-----+--------+
         Total |   9944 |   9638 |    306 |   2020 |   6003 |   9 | 1104.9 |
       Dungeon |   9699 |   9458 |    241 |   2020 |   5825 |   8 | 1212.4 |
        Temple |    244 |    180 |     64 |      0 |    178 |   1 |  244.0 |
               +--------+--------+--------+--------+--------+-----+--------+

Top non-repeatable levels by time:
     D:7: 1918 daAuts
     D:1: 1679 daAuts
     D:6: 1257 daAuts
     D:4: 1252 daAuts
     D:5: 1170 daAuts
     D:3: 1116 daAuts
     D:2: 884 daAuts
     D:8: 421 daAuts
  Temple: 244 daAuts
